 Dungeon Crawl Stone Soup version 0.31-a0-774-g0d66cbabe8 (webtiles) character file.

Game seed: 8391594918056859358

858 Getoffmy the Poker (level 8, -11/60 HPs)
             Began as a Gnoll Wanderer on Sept 17, 2023.
             Was an Initiate of Okawaru.
             Mangled by an ogre
             ... wielding a +0 giant club
              (27 damage)
             ... on level 4 of the Dungeon on Sept 18, 2023.
             The game lasted 00:13:38 (4440 turns).

Getoffmy the Poker (Gnoll Wanderer)                 Turns: 4440, Time: 00:13:39

Health: -11/60     AC:  7    Str: 15    XL:     8   Next: 2%
Magic:  12/12      EV: 13    Int:  9    God:    Okawaru [......]
Gold:   201        SH:  0    Dex: 13    Spells: 12/12 levels left

rFire   + . .        a - +2 spear
rCold   . . .        (no shield)
rNeg    . . .        r - +1 leather armour {rF+}
rPois   .            u - +2 helmet
rElec   .            g - scarf {+Inv}
rCorr   .            (no gloves)
SInv    .            (no boots)
Will    .....        (no amulet)
Stlth   ++           (no ring)
HPRegen 0.30/turn    (no ring)
MPRegen 0.13/turn

%: no passive effects
@: no status effects
A: fangs 1, strong nose, distributed training
a: Renounce Religion, Evoke Invisibility


You were on level 4 of the Dungeon.
You worshipped Okawaru.
Okawaru was noncommittal.
You visited 1 branch of the dungeon, and saw 5 of its levels.

You collected 201 gold pieces.

Inventory:

Hand Weapons
 a - a +2 spear (weapon)
 t - a +2 dagger of flaming
 A - a +2 dagger of holy wrath
Missiles
 e - 2 poisoned darts
 l - 74 stones
Armour
 g - a scarf of invisibility (worn)
 r - a +1 leather armour of fire resistance (worn)
 u - a +2 helmet (worn)
 D - a +0 cloak of willpower
Jewellery
 I - a ring of ice
Wands
 s - a wand of flame (25)
Scrolls
 d - 2 scrolls of vulnerability
 f - 2 scrolls of teleportation {unknown}
 h - a scroll of fear {unknown}
 i - a scroll of amnesia {unknown}
 k - a scroll of revelation {unknown}
 o - 8 scrolls of identify {unknown}
 v - a scroll of blinking {unknown}
 z - 2 scrolls of immolation {unknown}
 E - a scroll of enchant armour {unknown}
 G - a scroll of enchant weapon {unknown}
 H - a scroll of torment {unknown}
Potions
 c - a potion of enlightenment {unknown}
 j - 4 potions of curing
 m - a potion of lignification {unknown}
 n - a potion of resistance {unknown}
 p - 2 potions of degeneration {unknown}
 q - a potion of berserk rage
 w - a potion of attraction {unknown}
 x - a potion of might {unknown}
 B - a potion of magic {unknown}
 C - 2 potions of heal wounds {unknown}
 F - a potion of mutation {unknown}


   Skills:
 + Level 3.9 Fighting
 + Level 2.9 Short Blades
 + Level 2.9 Long Blades
 + Level 2.9 Axes
 + Level 5.4 Maces & Flails
 + Level 7.2 Polearms
 + Level 2.9 Staves
 + Level 2.9 Ranged Weapons
 + Level 2.9 Throwing
 + Level 3.9 Armour
 + Level 5.4 Dodging
 + Level 2.9 Stealth
 + Level 2.9 Shields
 + Level 2.9 Unarmed Combat
 + Level 2.9 Spellcasting
 + Level 2.3 Conjurations
 + Level 2.3 Hexes
 + Level 2.3 Summonings
 + Level 2.3 Necromancy
 + Level 2.3 Translocations
 + Level 2.3 Transmutations
 + Level 2.3 Fire Magic
 + Level 2.3 Ice Magic
 + Level 2.3 Air Magic
 + Level 2.3 Earth Magic
 + Level 2.3 Poison Magic
 + Level 3.2 Invocations
 + Level 3.9 Evocations
 + Level 2.6 Shapeshifting


You had 12 spell levels left.
You didn't know any spells.
Your spell library contained the following spells:

 Spells                   Type           Power      Damage    Failure   Level
 Apportation              Tloc           10%        N/A       14%         1
 Foxfire                  Conj/Fire      20%        2x1d5     14%         1
 Magic Dart               Conj           20%        1d4       14%         1
 Ensorcelled Hibernation  Hex/Ice        10%        N/A       22%         2
 Jinxbite                 Hex            10%        N/A       22%         2
 Lesser Beckoning         Tloc           10%        N/A       22%         2
 Passwall                 Tmut/Erth      4%         N/A       22%         2
 Frozen Ramparts          Ice            10%        1d2       38%         3
 Gell's Gravitas          Tloc           5%         N/A       38%         3
 Ignite Poison            Fire/Tmut/Pois 5%         N/A       38%         3
 Inner Flame              Hex/Fire       5%         N/A       38%         3
 Mephitic Cloud           Conj/Pois/Air  5%         N/A       38%         3
 Ozocubu's Armour         Ice            5%         N/A       38%         3
 Swiftness                Air            5%         N/A       38%         3
 Teleport Other           Tloc           5%         N/A       38%         3
 Volatile Blastmotes      Fire/Tloc      10%        2d10      38%         3
 Flame Wave               Conj/Fire      5%         2d5       80%         4
 Fulminant Prism          Conj/Hex       2%         3d5       80%         4
 Iskenderun's Mystic Bla  Conj/Tloc      5%         2d3       80%         4
 Petrify                  Tmut/Erth      5%         N/A       80%         4
 Sticky Flame             Conj/Fire      5%         2d3       80%         4
 Alistair's Intoxication  Tmut/Pois      3%         N/A       98%         5
 Metabolic Englaciation   Hex/Ice        2%         N/A       98%         5
 Plasma Beam              Fire/Air       2%         2x1d12    100%        6
 Starburst                Conj/Fire      2%         6d3       100%        6
 Ignition                 Fire           2%         3d3       100%        8
 Call Imp                 Summ           Unusable   N/A       N/A         2
 Simulacrum               Ice/Necr       Unusable   N/A       N/A         6

Dungeon Overview and Level Annotations

Branches:
Dungeon (5/15)
 Temple: D:4-7

Altars:
Cheibriados
Okawaru

Shops:
D:2 =


Innate Abilities, Weirdness & Mutations

You have very sharp teeth.
Your uncanny sense of smell can sniff out nearby items.
Your experience applies equally to all skills.


Message History

The ogre attacks as it pursues you! The ogre barely misses you.
The ogre attacks as it pursues you! The ogre closely misses you.
Aiming: Throw Flame
Press: ? - help, Shift-Dir - straight line, f - ogre
Aim: an ogre, wielding a +0 giant club (lightly wounded, 86% to hit)
The puff of flame hits the ogre.
The ogre is moderately wounded.
Aiming: Throw Flame
Press: ? - help, Shift-Dir - straight line, f/p - ogre
Aim: an ogre, wielding a +0 giant club (moderately wounded, 86% to hit)
The puff of flame hits the ogre.
The ogre is moderately wounded.
The ogre hits you with a +0 giant club!
You hit the ogre.
The ogre is heavily wounded.
You hit the ogre.
The ogre is heavily wounded.
The ogre misses you.
You hit the ogre.
The ogre is severely wounded.
You hit the ogre.
The ogre is almost dead.
The ogre barely misses you.
You completely miss the ogre. You bite the ogre, but do no damage.
The ogre is almost dead.
You hit the ogre.
The ogre is almost dead.
The ogre hits you with a +0 giant club!!
* * * LOW HITPOINT WARNING * * *
You are too injured to fight recklessly!
You are too injured to fight recklessly!
You are too injured to fight recklessly!
You are too injured to fight recklessly!
You are too injured to fight recklessly!
You barely miss the ogre.
The ogre is almost dead.
You closely miss the ogre.
The ogre is almost dead.
The ogre hits you with a +0 giant club!!
You die...

#....#.#########.............##
###.#.................##....#..#
...>......###.....######.##....##
....###.#.###.##########.#####.##
..#####.......##............##..#
.###......######....####....#####
####...##.## #....# #....# #
.....####..# #....####....# #
.##.## #..# #@####.#.###.# ##
....# ##.# #O# #.#.## #.# #.
....## #.# ###l# ##.#.# #.####.
.##..## #.###)..###[#.####....#.
...#..# #..........####.........
#....<## #.....#....# #.........
##.....###....#..)[.####.........
##..............................
##............#######...........#


You could see an ogre and an iguana.

Vanquished Creatures
  Menkaure (D:5)
  An orc warrior (D:4)
  2 phantoms
  A bullfrog (D:4)
  A scorpion (D:5)
  A hound (D:4)
  An iron imp (D:5)
  A jelly (D:4)
  2 orc wizards
  Robin (D:2)
  10 adders
  2 worms
  2 dart slugs
  13 orcs
  6 bats
  6 endoplasms
  4 giant cockroaches
  23 goblins
  7 hobgoblins
  7 jackals
  8 kobolds
  5 quokkas
  6 ball pythons
  A frilled lizard (D:2)
  6 rats
118 creatures vanquished.

Notes
Turn   | Place    | Note
-------+----------+-------------------------------------------
     0 | D:1      | Getoffmy the Gnoll Wanderer began the quest for the Orb.
     0 | D:1      | Getoffmy set off with the following items: a +2 spear, a +0
                  | mace, a +0 helmet, a scroll of vulnerability, a +0 leather
                  | armour.
     0 | D:1      | Reached XP level 1. HP: 17/17 MP: 1/1
   140 | D:1      | Reached XP level 2. HP: 20/23 MP: 2/2
  1266 | D:2      | Reached XP level 3. HP: 28/28 MP: 3/3
  1416 | D:2      | Found a faded altar of an unknown god.
  1421 | D:2      | Found Bubaok's Jewellery Emporium.
  1478 | D:2      | Reached skill level 1 in Invocations
  1533 | D:2      | Noticed Robin
  1558 | D:2      | Killed Robin
  1559 | D:2      | Reached skill level 1 in Short Blades
  1559 | D:2      | Reached skill level 1 in Long Blades
  1559 | D:2      | Reached skill level 1 in Axes
  1559 | D:2      | Reached skill level 1 in Staves
  1559 | D:2      | Reached skill level 1 in Ranged Weapons
  1559 | D:2      | Reached skill level 1 in Throwing
  1559 | D:2      | Reached skill level 1 in Stealth
  1559 | D:2      | Reached skill level 1 in Shields
  1559 | D:2      | Reached skill level 1 in Unarmed Combat
  1559 | D:2      | Reached skill level 1 in Spellcasting
  1560 | D:2      | Reached skill level 1 in Shapeshifting
  1560 | D:2      | Reached XP level 4. HP: 28/34 MP: 5/5
  1832 | D:3      | Reached skill level 1 in Conjurations
  1832 | D:3      | Reached skill level 1 in Hexes
  1832 | D:3      | Reached skill level 1 in Summonings
  1832 | D:3      | Reached skill level 1 in Necromancy
  1832 | D:3      | Reached skill level 1 in Translocations
  1832 | D:3      | Reached skill level 1 in Transmutations
  1832 | D:3      | Reached skill level 1 in Fire Magic
  1832 | D:3      | Reached skill level 1 in Ice Magic
  1832 | D:3      | Reached skill level 1 in Air Magic
  1832 | D:3      | Reached skill level 1 in Earth Magic
  1832 | D:3      | Reached skill level 1 in Poison Magic
  1898 | D:3      | Reached XP level 5. HP: 40/40 MP: 5/7
  2779 | D:4      | Noticed a phantom
  2787 | D:4      | Killed a phantom
  2788 | D:4      | Reached skill level 5 in Maces & Flails
  2788 | D:4      | Reached skill level 5 in Dodging
  2788 | D:4      | Reached XP level 6. HP: 47/47 MP: 8/8
  2859 | D:4      | Noticed an orc warrior
  2893 | D:4      | Killed an orc warrior
  2894 | D:4      | Reached XP level 7. HP: 52/52 MP: 10/10
  2909 | D:4      | Reached skill level 7 in Polearms
  3004 | D:4      | Found an iron altar of Okawaru.
  3061 | D:4      | Became a worshipper of Warmaster Okawaru
  3304 | D:5      | Entered Level 5 of the Dungeon
  3548 | D:5      | Found a snail-covered altar of Cheibriados.
  3769 | D:5      | Noticed Menkaure
  3786 | D:5      | Killed Menkaure
  3787 | D:5      | HP: 2/53 [adder (3)]
  4346 | D:4      | Reached XP level 8. HP: 43/60 MP: 12/12
  4440 | D:4      | Mangled by an ogre

Illustrated notes

Levels and vault maps discovered:
D:1:      amcnicky_arrival_feature_with_door, layout_basic, minmay_heptomino_d4
D:2:      layout_rooms, serial_shops, nicolae_shop_gibbet_a_chance,
          ebering_ecumenical_altar_abandoned, uniq_robin
D:3:      minmay_bubble_buster, layout_basic
D:4:      layout_rooms, kennysheep_okawaru_gauntlet, minivault_24,
          nicolae_letterblocks [nicolae_letter_subblock,
          nicolae_letter_subblock, nicolae_letter_subblock,
          nicolae_letter_subblock, nicolae_letter_subblock,
          nicolae_letter_subblock, nicolae_letter_subblock,
          nicolae_letter_subblock, nicolae_letter_subblock,
          nicolae_letter_subblock, nicolae_letter_subblock,
          nicolae_letter_subblock, nicolae_letter_subblock,
          nicolae_letter_subblock, nicolae_letter_subblock,
          nicolae_letter_subblock, nicolae_letter_subblock,
          nicolae_letter_subblock, nicolae_letter_subblock,
          nicolae_letter_subblock, nicolae_letter_subblock,
          nicolae_letter_subblock, nicolae_letter_subblock,
          nicolae_letter_subblock, nicolae_letter_subblock]
D:5:      layout_basic, slow_altar_1, uniq_menkaure

Skill      XL: |  1  2  3  4  5  6  7 |
---------------+----------------------+-----
Invocations    | 1 2 3 |  3.2
Short Blades   | 1 2 |  2.9
Long Blades    | 1 2 |  2.9
Axes           | 1 2 |  2.9
Staves         | 1 2 |  2.9
Ranged Weapons | 1 2 |  2.9
Throwing       | 1 2 |  2.9
Stealth        | 1 2 |  2.9
Shields        | 1 2 |  2.9
Unarmed Combat | 1 2 |  2.9
Spellcasting   | 1 2 |  2.9
Shapeshifting  | 1 2 |  2.6
Conjurations   | 1 2 |  2.3
Hexes          | 1 2 |  2.3
Summonings     | 1 2 |  2.3
Necromancy     | 1 2 |  2.3
Translocations | 1 2 |  2.3
Transmutations | 1 2 |  2.3
Fire Magic     | 1 2 |  2.3
Ice Magic      | 1 2 |  2.3
Air Magic      | 1 2 |  2.3
Earth Magic    | 1 2 |  2.3
Poison Magic   | 1 2 |  2.3
Fighting       | 3 |  3.9
Armour         | 3 |  3.9
Evocations     | 3 |  3.9
Maces & Flails | 5 |  5.4
Dodging        | 5 |  5.4
Polearms       | 7 |  7.2

Action                     |  1- 3 |  4- 6 |  7- 9 || total
---------------------------+-------+-------+-------++-------
  Melee: Spear             |   119 |   215 |   115 ||   449
         Bite              |     6 |    24 |    11 ||    41
         Punch             |       |     1 |     2 ||     3
         Dagger            |       |       |    12 ||    12
  Evoke: Wand              |       |     7 |     2 ||     9
    Use: Potion            |     2 |     1 |     1 ||     4
   Stab: Sleeping          |     1 |     3 |     1 ||     5
         Distracted        |       |     1 |       ||     1
 Armour: Leather armour    |    29 |    60 |    56 ||   145
  Dodge: Dodged            |    48 |    94 |    73 ||   215

Table legend: (Time is in decaauts)
 A = Elapsed time spent in this place.
 B = Non-inter-level travel time spent in this place.
 C = Inter-level travel time spent in this place.
 D = Time resting spent in this place.
 E = Time spent auto-exploring this place.
 F = Levels seen in this place.
 G = Mean time per level.
                   A        B        C        D        E       F      G
               +--------+--------+--------+--------+--------+-----+--------+
         Total |   4346 |   4121 |    225 |    687 |   2490 |   5 |  869.2 |
       Dungeon |   4346 |   4121 |    225 |    687 |   2490 |   5 |  869.2 |
               +--------+--------+--------+--------+--------+-----+--------+

Top non-repeatable levels by time:
     D:1: 1095 daAuts
     D:5: 1018 daAuts
     D:4: 826 daAuts
     D:3: 749 daAuts
     D:2: 657 daAuts
